% Time on Ice - PORTLAND PIRATES
Lines # - Real PCT - Wanted PCT - Time Play
Normal Forward
1 - 33% - 33% - 13:14
2 - 31% - 33% - 12:44
3 - 27% - 24% - 11:00
4 - 9% - 10% - 3:32
Normal Defense
1 - 34% - 33% - 13:52
2 - 34% - 32% - 13:35
3 - 27% - 25% - 11:07
4 - 5% - 10% - 1:56
PP Forward
1 - 50% - 55% - 5:54
2 - 50% - 45% - 6:00
PP Defense
1 - 55% - 55% - 6:30
2 - 45% - 45% - 5:24
PK Forward
1 - 66% - 55% - 3:49
2 - 34% - 45% - 1:56
PK Defense
1 - 74% - 55% - 4:17
2 - 26% - 45% - 1:28
PK3 Forward
1 - 59% - 55% - 0:50
2 - 41% - 45% - 0:35
PK3 Defense
1 - 76% - 55% - 1:05
2 - 24% - 45% - 0:20
44 Forward
1 - 0% - 55%
2 - 0% - 45%
44 Defense
1 - 0% - 55%
2 - 0% - 45%
Last Minute Offensive  - 0:26
Last Minute Defensive  - 0:00
Total
Forward - 60:00
Defense - 60:00
% Time on Ice - SAN FRANCISCO SPIDERS
Lines # - Real PCT - Wanted PCT - Time Play
Normal Forward
1 - 34% - 37% - 14:00
2 - 30% - 33% - 12:23
3 - 29% - 25% - 11:53
4 - 6% - 5% - 2:22
Normal Defense
1 - 41% - 43% - 16:33
2 - 33% - 37% - 13:24
3 - 23% - 10% - 9:29
4 - 3% - 10% - 1:12
PP Forward
1 - 45% - 50% - 3:15
2 - 55% - 50% - 3:55
PP Defense
1 - 47% - 50% - 3:21
2 - 53% - 50% - 3:49
PK Forward
1 - 52% - 50% - 6:14
2 - 48% - 50% - 5:40
PK Defense
1 - 51% - 50% - 6:07
2 - 49% - 50% - 5:47
PK3 Forward
1 - 0% - 55%
2 - 0% - 45%
PK3 Defense
1 - 0% - 50%
2 - 0% - 50%
44 Forward
1 - 0% - 55%
2 - 0% - 45%
44 Defense
1 - 0% - 55%
2 - 0% - 45%
Last Minute Offensive  - 0:00
Last Minute Defensive  - 0:18
Total
Forward - 60:00
Defense - 60:00
Play-by-Play 1st period 0:01 of 1st period - Mika Zibanejad wins face-off versus Bo Horvat in neutral zone. 0:15 of 1st period - Minor Penalty to Adam Larsson for Roughing. 0:16 of 1st period - Chandler Stephenson wins face-off versus Zach Hyman in SAN FRANCISCO SPIDERS zone. 0:17 of 1st period - Shot by Thomas Chabot. 0:17 of 1st period - Shot Blocked by Zach Hyman. 1:21 of 1st period - Shot by Viktor Arvidsson. 1:21 of 1st period - Stopped by Kevin Lankinen with a rebound. 1:50 of 1st period - Shot by Gabriel Landeskog. 1:50 of 1st period - Stopped by Igor Shesterkin without a rebound. 1:51 of 1st period - Zach Hyman wins face-off versus Mika Zibanejad in SAN FRANCISCO SPIDERS zone. 2:36 of 1st period - Shot by Pavel Zacha. 2:36 of 1st period - Stopped by Igor Shesterkin without a rebound. 2:37 of 1st period - Mika Zibanejad wins face-off versus Zach Hyman in SAN FRANCISCO SPIDERS zone. 3:00 of 1st period - Shot by Mika Zibanejad. 3:00 of 1st period - Stopped by Igor Shesterkin without a rebound. 3:01 of 1st period - Bo Horvat wins face-off versus Chandler Stephenson in SAN FRANCISCO SPIDERS zone. 3:32 of 1st period - Shot by Chandler Stephenson. 3:32 of 1st period - Shot Misses the Net. 3:52 of 1st period - Viktor Arvidsson is hit by Travis Konecny and loses puck. 4:02 of 1st period - Off-side. 4:03 of 1st period - Jonathan Toews wins face-off versus Jared McCann in neutral zone. 4:09 of 1st period - Shot by Zach Hyman. 4:09 of 1st period - Shot Hit the Post. 4:11 of 1st period - Shot by Brenden Dillon. 4:11 of 1st period - Stopped by Kevin Lankinen without a rebound. 4:12 of 1st period - Mika Zibanejad wins face-off versus Zach Hyman in PORTLAND PIRATES zone. 4:12 of 1st period - Mika Zibanejad is hit by Jared McCann. 4:34 of 1st period - Shot by Robert Thomas. 4:34 of 1st period - Deflect By Gabriel Landeskog. 4:34 of 1st period - Shot Misses the Net. 4:42 of 1st period - Shot by Jared McCann. 4:42 of 1st period - Shot Blocked by Thomas Chabot. 5:08 of 1st period - Mika Zibanejad is hit by Sean Walker and loses puck. 5:12 of 1st period - Icing by Alexander Kerfoot. 5:13 of 1st period - Chandler Stephenson wins face-off versus Kirby Dach in SAN FRANCISCO SPIDERS zone. 5:13 of 1st period - Chandler Stephenson is hit by Michael Anderson. 5:27 of 1st period - Shot by Chandler Stephenson. 5:27 of 1st period - Deflect By Travis Konecny. 5:27 of 1st period - Stopped by Igor Shesterkin without a rebound. 5:28 of 1st period - Jonathan Toews wins face-off versus Bo Horvat in SAN FRANCISCO SPIDERS zone. 5:37 of 1st period - Shot by Viktor Arvidsson. 5:37 of 1st period - Shot Misses the Net. 5:44 of 1st period - Off-side. 5:45 of 1st period - Chandler Stephenson wins face-off versus Kirby Dach in neutral zone. 5:59 of 1st period - Shot by Alexander Kerfoot. 5:59 of 1st period - Deflect By Trevor Moore. 5:59 of 1st period - Stopped by Kevin Lankinen without a rebound. 6:00 of 1st period - Jonathan Toews wins face-off versus Viktor Arvidsson in PORTLAND PIRATES zone. 6:10 of 1st period - Icing by Thomas Chabot. 6:11 of 1st period - Jonathan Toews wins face-off versus Zach Hyman in PORTLAND PIRATES zone. 6:26 of 1st period - Shot by Rickard Rakell. 6:26 of 1st period - Stopped by Igor Shesterkin without a rebound. 6:27 of 1st period - Bo Horvat wins face-off versus Travis Konecny in SAN FRANCISCO SPIDERS zone. 6:29 of 1st period - Icing by Viktor Arvidsson. 6:30 of 1st period - Ryan Donato wins face-off versus Andrei Svechnikov in SAN FRANCISCO SPIDERS zone. 6:30 of 1st period - William Carrier is hit by Brenden Dillon and loses puck. 7:00 of 1st period - Shot by Michael Amadio. 7:00 of 1st period - Shot Misses the Net. 7:02 of 1st period - Shot by Ryan Donato. 7:02 of 1st period - Deflect By William Carrier. 7:02 of 1st period - Shot Misses the Net. 7:04 of 1st period - Shot by Michael Amadio. 7:04 of 1st period - Shot Blocked by Viktor Arvidsson. 7:06 of 1st period - Shot by Mark Borowiecki. 7:06 of 1st period - Shot Misses the Net. 7:21 of 1st period - Icing by Brian Dumoulin. 7:22 of 1st period - Zach Hyman wins face-off versus Chandler Stephenson in PORTLAND PIRATES zone. 7:29 of 1st period - Shot by Zach Hyman. 7:29 of 1st period - Stopped by Kevin Lankinen without a rebound. 7:30 of 1st period - Mika Zibanejad wins face-off versus Alexander Kerfoot in PORTLAND PIRATES zone. 7:34 of 1st period - Icing by Robert Thomas. 7:35 of 1st period - Mika Zibanejad wins face-off versus Zach Hyman in PORTLAND PIRATES zone. 7:44 of 1st period - Shot by Mark Stone. 7:44 of 1st period - Stopped by Kevin Lankinen without a rebound. 7:45 of 1st period - Chandler Stephenson wins face-off versus Kirby Dach in PORTLAND PIRATES zone. 7:52 of 1st period - Shot by Travis Konecny. 7:52 of 1st period - Stopped by Igor Shesterkin without a rebound. 7:53 of 1st period - Chandler Stephenson wins face-off versus Kirby Dach in SAN FRANCISCO SPIDERS zone. 8:03 of 1st period - Icing by Darnell Nurse. 8:04 of 1st period - Jonathan Toews wins face-off versus Kirby Dach in SAN FRANCISCO SPIDERS zone. 8:06 of 1st period - Rickard Rakell is hit by Darnell Nurse and loses puck. 8:21 of 1st period - Shot by Jonathan Toews. 8:21 of 1st period - Stopped by Igor Shesterkin without a rebound. 8:22 of 1st period - Mika Zibanejad wins face-off versus Zach Hyman in SAN FRANCISCO SPIDERS zone. 8:23 of 1st period - Shot by Gabriel Landeskog. 8:23 of 1st period - Stopped by Igor Shesterkin without a rebound. 8:24 of 1st period - Zach Hyman wins face-off versus Mika Zibanejad in SAN FRANCISCO SPIDERS zone. 8:24 of 1st period - Zach Hyman is hit by Mika Zibanejad. 8:38 of 1st period - Shot by Zach Hyman. 8:38 of 1st period - Shot Misses the Net. 8:51 of 1st period - Minor Penalty to Thomas Chabot for Interference. 8:52 of 1st period - Bo Horvat wins face-off versus Pavel Zacha in PORTLAND PIRATES zone. 9:07 of 1st period - Shot by Mark Stone. 9:07 of 1st period - Deflect By Bo Horvat. 9:07 of 1st period - Shot Misses the Net. 9:09 of 1st period - Shot by Bo Horvat. 9:09 of 1st period - Stopped by Kevin Lankinen without a rebound. 9:10 of 1st period - Zach Hyman wins face-off versus Pavel Zacha in PORTLAND PIRATES zone. 10:18 of 1st period - Brian Dumoulin is hit by Bo Horvat and loses puck. 10:32 of 1st period - Icing by Bo Horvat. 10:33 of 1st period - Bo Horvat wins face-off versus Pavel Zacha in SAN FRANCISCO SPIDERS zone. 10:33 of 1st period - Bo Horvat is hit by Mark Borowiecki. 10:59 of 1st period - Shot by Zack Kassian. 10:59 of 1st period - Shot Blocked by Brian Dumoulin. 11:01 of 1st period - Shot by Eeli Tolvanen. 11:01 of 1st period - Goal by Eeli Tolvanen - PORTLAND PIRATES : 0 - SAN FRANCISCO SPIDERS : 1. 11:02 of 1st period - Mika Zibanejad wins face-off versus Kirby Dach in neutral zone. 11:11 of 1st period - Shot by Gabriel Landeskog. 11:11 of 1st period - Stopped by Igor Shesterkin with a rebound. 11:21 of 1st period - Shot by Robert Thomas. 11:21 of 1st period - Shot Blocked by Trevor Moore. 11:26 of 1st period - Off-side. 11:27 of 1st period - Bo Horvat wins face-off versus Chandler Stephenson in neutral zone. 11:49 of 1st period - Shot by Viktor Arvidsson. 11:49 of 1st period - Deflect By Bo Horvat. 11:49 of 1st period - Stopped by Kevin Lankinen without a rebound. 11:50 of 1st period - Jonathan Toews wins face-off versus Zach Hyman in PORTLAND PIRATES zone. 11:50 of 1st period - Jonathan Toews is hit by Zach Hyman. 12:21 of 1st period - Shot by Zach Hyman. 12:21 of 1st period - Shot Hit the Post. 13:03 of 1st period - Shot by Andrei Svechnikov. 13:03 of 1st period - Shot Misses the Net. 13:05 of 1st period - Shot by Andrei Svechnikov. 13:05 of 1st period - Shot Misses the Net. 14:05 of 1st period - Shot by Kirby Dach. 14:05 of 1st period - Stopped by Kevin Lankinen with a rebound. 14:07 of 1st period - Shot by Alexander Kerfoot. 14:07 of 1st period - Shot Misses the Net. 14:09 of 1st period - Shot by Trevor Moore. 14:09 of 1st period - Shot Misses the Net. 14:27 of 1st period - Off-side. 14:28 of 1st period - Zach Hyman wins face-off versus Chandler Stephenson in neutral zone. 14:35 of 1st period - Mark Stone is hit by Travis Konecny and loses puck. 15:27 of 1st period - Icing by Chandler Stephenson. 15:28 of 1st period - Bo Horvat wins face-off versus Chandler Stephenson in PORTLAND PIRATES zone. 16:01 of 1st period - Shot by Viktor Arvidsson. 16:01 of 1st period - Stopped by Kevin Lankinen with a rebound. 16:03 of 1st period - Shot by Adam Larsson. 16:03 of 1st period - Shot Misses the Net. 16:05 of 1st period - Shot by Andrei Svechnikov. 16:05 of 1st period - Shot Misses the Net. 16:07 of 1st period - Shot by Andrei Svechnikov. 16:07 of 1st period - Shot Misses the Net. 16:09 of 1st period - Shot by Viktor Arvidsson. 16:09 of 1st period - Shot Hit the Post. 16:22 of 1st period - Icing by Brett Pesce. 16:23 of 1st period - Mika Zibanejad wins face-off versus Trevor Moore in PORTLAND PIRATES zone. 17:03 of 1st period - Shot by Michael Amadio. 17:03 of 1st period - Shot Misses the Net. 17:05 of 1st period - Shot by Brian Dumoulin. 17:05 of 1st period - Stopped by Igor Shesterkin without a rebound. 17:06 of 1st period - Zach Hyman wins face-off versus Ryan Donato in SAN FRANCISCO SPIDERS zone. 17:13 of 1st period - Shot by Zach Hyman. 17:13 of 1st period - Deflect By Mark Stone. 17:13 of 1st period - Stopped by Kevin Lankinen without a rebound. 17:14 of 1st period - Chandler Stephenson wins face-off versus Bo Horvat in PORTLAND PIRATES zone. 17:22 of 1st period - Off-side. 17:23 of 1st period - Chandler Stephenson wins face-off versus Bo Horvat in neutral zone. 17:57 of 1st period - Shot by Bo Horvat. 17:57 of 1st period - Shot Misses the Net. 17:59 of 1st period - Shot by Erik Gudbranson. 17:59 of 1st period - Shot Misses the Net. 18:01 of 1st period - Shot by Viktor Arvidsson. 18:01 of 1st period - Shot Misses the Net. 18:03 of 1st period - Shot by Andrei Svechnikov. 18:03 of 1st period - Shot Misses the Net. 18:05 of 1st period - Shot by Bo Horvat. 18:05 of 1st period - Stopped by Kevin Lankinen without a rebound. 18:06 of 1st period - Zach Hyman wins face-off versus Gabriel Landeskog in PORTLAND PIRATES zone. 18:06 of 1st period - Zach Hyman is hit by Brian Dumoulin. 18:20 of 1st period - Shot by Mika Zibanejad. 18:20 of 1st period - Stopped by Igor Shesterkin without a rebound. 18:21 of 1st period - Kirby Dach wins face-off versus Ryan Donato in SAN FRANCISCO SPIDERS zone. 18:30 of 1st period - Shot by Trevor Moore. 18:30 of 1st period - Stopped by Kevin Lankinen with a rebound. 18:32 of 1st period - Shot by Trevor Moore. 18:32 of 1st period - Stopped by Kevin Lankinen without a rebound. 18:33 of 1st period - Mika Zibanejad wins face-off versus Zach Hyman in PORTLAND PIRATES zone. 18:33 of 1st period - Mika Zibanejad is hit by Zach Hyman. 18:47 of 1st period - Shot by Mika Zibanejad. 18:47 of 1st period - Shot Misses the Net. 18:49 of 1st period - Shot by Gabriel Landeskog. 18:49 of 1st period - Shot Misses the Net. 18:51 of 1st period - Shot by Gabriel Landeskog. 18:51 of 1st period - Stopped by Igor Shesterkin without a rebound. 18:52 of 1st period - Chandler Stephenson wins face-off versus Bo Horvat in SAN FRANCISCO SPIDERS zone. 19:12 of 1st period - Icing by Brenden Dillon. 19:13 of 1st period - Mika Zibanejad wins face-off versus Bo Horvat in SAN FRANCISCO SPIDERS zone. 19:22 of 1st period - Shot by Andrei Svechnikov. 19:22 of 1st period - Stopped by Kevin Lankinen without a rebound. 19:23 of 1st period - Zach Hyman wins face-off versus Robert Thomas in PORTLAND PIRATES zone. 19:23 of 1st period - Mark Stone is hit by Mark Borowiecki. 19:38 of 1st period - Icing by Ben Hutton. 19:39 of 1st period - Mika Zibanejad wins face-off versus Bo Horvat in PORTLAND PIRATES zone. 19:46 of 1st period - Shot by Gabriel Landeskog. 19:46 of 1st period - Shot Misses the Net. 19:48 of 1st period - Shot by Robert Thomas. 19:48 of 1st period - Shot Misses the Net. 19:50 of 1st period - Shot by Ben Hutton. 19:50 of 1st period - Shot Blocked by Erik Gudbranson. Goals for this period are 0 for PORTLAND PIRATES vs 1 for SAN FRANCISCO SPIDERS. Shots for this period are 12 for PORTLAND PIRATES vs 15 for SAN FRANCISCO SPIDERS. 2nd period 0:01 of 2nd period - Chandler Stephenson wins face-off versus Zach Hyman in neutral zone. 0:06 of 2nd period - Shot by Chandler Stephenson. 0:06 of 2nd period - Shot Misses the Net. 0:08 of 2nd period - Shot by Yanni Gourde. 0:08 of 2nd period - Shot Hit the Post. 0:14 of 2nd period - Shot by Chandler Stephenson. 0:14 of 2nd period - Stopped by Igor Shesterkin without a rebound. 0:14 of 2nd period - Minor Penalty to Igor Shesterkin for Delaying the game. 0:15 of 2nd period - Andrei Svechnikov wins face-off versus Mika Zibanejad in SAN FRANCISCO SPIDERS zone. 0:23 of 2nd period - Icing by Robert Thomas. 0:24 of 2nd period - Mika Zibanejad wins face-off versus Zach Hyman in PORTLAND PIRAT